[ AOE2 MATCH · #474958765 ]
Team RMSlavs vs Bulgarians
[ REPLAY ANALYSIS · EXTRACTED FROM THE RECORDED GAME ]
Feudal
14:32
Castle
—
Imperial
—
| APM avg | 9.0 |
| APM peak | 41 |
| eAPM avg | 5.7 |
| Villagers / military | 28 / 8 |
Focus
⚔️ 33.2% · 🌾 66.8%
Fishing Ship ×10 · Galley ×8
Feudal
15:14
Castle
25:02
Imperial
43:10
| APM avg | 15.3 |
| APM peak | 51 |
| eAPM avg | 9.8 |
| Villagers / military | 60 / 90 |
Focus
⚔️ 38.8% · 🌾 61.2%
Genoese Crossbowman ×68 · Scout Cavalry ×12 · Battering Ram ×7 · Spearman ×2 · Mangonel ×1
Feudal
14:59
Castle
23:06
Imperial
39:18
| APM avg | 15.5 |
| APM peak | 35 |
| eAPM avg | 9.8 |
| Villagers / military | 84 / 43 |
Focus
⚔️ 24.7% · 🌾 75.3%
Fishing Ship ×35 · Skirmisher ×16 · Leitis ×16 · Fire Galley ×4 · Trebuchet (Packed) ×3 · Bombard Cannon ×3
Feudal
15:24
Castle
26:18
Imperial
39:10
| APM avg | 19.2 |
| APM peak | 47 |
| eAPM avg | 10.4 |
| Villagers / military | 74 / 26 |
Focus
⚔️ 20.1% · 🌾 79.9%
Konnik ×18 · Fishing Ship ×3 · Trebuchet (Packed) ×3 · Demolition Raft ×2 · Militia ×2 · Spearman ×1
Match map
Resources at game start + every placement click. Thick line = wall · dashed box = detected house wall. 🟡 gold · ⚪ stone · 🟢 berries · 🔶 boar · ⭕ relic
Inputs per minute
— [M] Nico - - Player.R
Build order — [M] Nico
68 actions detected in the replay
| 1:08 | Build | Town Center |
| 2:11 | Build | Dock |
| 3:18 | Build | House |
| 4:03 | Create | Villager (Male) |
| 4:03 | Create | Villager (Male) |
| 4:03 | Create | Villager (Male) |
| 4:04 | Create | Villager (Male) |
| 4:50 | Create | Villager (Male) |
| 5:35 | Create | Fishing Ship |
| 5:42 | Build | House |
| 6:20 | Create | Villager (Male) |
| 6:41 | Create | Fishing Ship |
| 6:57 | Create | Villager (Male) |
| 7:04 | Build | House |
| 7:38 | Create | Fishing Ship |
| 7:39 | Create | Villager (Male) |
| 7:40 | Create | Villager (Male) |
| 8:18 | Create | Villager (Male) |
| 8:18 | Create | Villager (Male) |
| 8:41 | Create | Villager (Male) |
| 8:41 | Create | Villager (Male) |
| 9:01 | Create | Fishing Ship |
| 9:02 | Create | Villager (Male) |
| 9:02 | Create | Villager (Male) |
| 9:20 | Create | Fishing Ship |
| 9:27 | Build | House |
| 9:38 | Create | Villager (Male) |
| 9:38 | Create | Villager (Male) |
| 9:38 | Create | Villager (Male) |
| 10:56 | Create | Fishing Ship |
| 11:02 | Create | Villager (Male) |
| 11:52 | Build | Dock |
| 11:55 | Research | Loom |
| 12:05 | Build | Lumber Camp |
| 12:22 | Research | Feudal Age |
| 12:22 | Research | Feudal Age |
| 12:36 | Build | Mining Camp |
| 13:42 | Build | House |
| 13:48 | Build | House |
| 14:32 | Age | Feudal Age |
| 14:40 | Create | Galley |
| 14:41 | Create | Galley |
| 14:43 | Create | Villager (Male) |
| 14:44 | Create | Villager (Male) |
| 14:59 | Create | Galley |
| 14:59 | Create | Galley |
| 15:13 | Create | Villager (Male) |
| 15:19 | Build | Blacksmith |
| 16:00 | Create | Galley |
| 16:00 | Create | Galley |
| 16:01 | Create | Villager (Male) |
| 16:03 | Create | Villager (Male) |
| 16:03 | Create | Villager (Male) |
| 16:15 | Create | Galley |
| 16:15 | Create | Galley |
| 16:19 | Research | Fletching |
| 16:19 | Research | Fletching |
| 16:23 | Create | Villager (Male) |
| 16:40 | Research | Double-Bit Axe |
| 16:40 | Research | Double-Bit Axe |
| 16:54 | Build | Mill |
| 17:10 | Create | Villager (Male) |
| 17:19 | Build | House |
| 18:36 | Create | Villager (Male) |
| 19:54 | Create | Fishing Ship |
| 19:54 | Create | Fishing Ship |
| 19:54 | Create | Fishing Ship |
| 19:54 | Create | Fishing Ship |
Build order — Player.R
First 150 of 227 actions detected
| 2:37 | Build | Town Center |
| 2:59 | Build | House |
| 3:06 | Build | House |
| 4:21 | Build | Mill |
| 4:37 | Create | Villager (Male) |
| 4:37 | Create | Villager (Male) |
| 4:37 | Create | Villager (Male) |
| 4:37 | Create | Villager (Male) |
| 4:38 | Create | Villager (Male) |
| 6:16 | Create | Villager (Male) |
| 6:16 | Create | Villager (Male) |
| 6:16 | Create | Villager (Male) |
| 6:38 | Create | Villager (Male) |
| 6:39 | Create | Villager (Male) |
| 6:39 | Create | Villager (Male) |
| 7:26 | Create | Villager (Male) |
| 7:26 | Create | Villager (Male) |
| 7:57 | Create | Villager (Male) |
| 7:58 | Create | Villager (Male) |
| 8:44 | Create | Villager (Male) |
| 8:44 | Create | Villager (Male) |
| 8:45 | Create | Villager (Male) |
| 8:45 | Create | Villager (Male) |
| 8:45 | Create | Villager (Male) |
| 10:10 | Create | Villager (Male) |
| 10:10 | Create | Villager (Male) |
| 10:11 | Create | Villager (Male) |
| 10:11 | Create | Villager (Male) |
| 10:18 | Build | House |
| 10:21 | Build | House |
| 11:06 | Build | Palisade Wall |
| 11:08 | Build | Palisade Wall |
| 11:09 | Build | Palisade Wall |
| 11:10 | Build | Palisade Wall |
| 11:11 | Build | Palisade Wall |
| 11:27 | Build | Lumber Camp |
| 11:56 | Build | Farm |
| 12:11 | Build | House |
| 12:16 | Build | Palisade Wall |
| 12:31 | Create | Villager (Male) |
| 12:54 | Build | Farm |
| 13:00 | Create | Villager (Male) |
| 13:04 | Research | Feudal Age |
| 13:42 | Build | Building 796 |
| 13:54 | Build | Mining Camp |
| 15:14 | Age | Feudal Age |
| 15:29 | Build | Farm |
| 15:32 | Build | Farm |
| 15:55 | Build | Mining Camp |
| 15:59 | Create | Villager (Male) |
| 16:16 | Build | House |
| 16:27 | Build | Market |
| 16:35 | Build | Farm |
| 16:53 | Build | Barracks |
| 16:58 | Build | Barracks |
| 17:02 | Create | Villager (Male) |
| 17:17 | Create | Villager (Male) |
| 17:29 | Build | House |
| 17:32 | Build | House |
| 17:43 | Build | House |
| 17:47 | Create | Villager (Male) |
| 17:54 | Create | Spearman |
| 17:55 | Create | Spearman |
| 17:59 | Build | Farm |
| 18:19 | Build | House |
| 18:34 | Build | Farm |
| 18:36 | Create | Villager (Male) |
| 18:54 | Build | Blacksmith |
| 19:00 | Create | Villager (Male) |
| 19:10 | Build | Farm |
| 19:29 | Build | Farm |
| 19:57 | Build | House |
| 20:08 | Create | Villager (Male) |
| 20:22 | Build | House |
| 20:23 | Build | House |
| 20:53 | Build | Farm |
| 21:11 | Create | Villager (Male) |
| 21:41 | Build | Farm |
| 22:17 | Build | Farm |
| 22:22 | Research | Castle Age |
| 23:48 | Build | House |
| 24:25 | Build | House |
| 24:54 | Create | Villager (Male) |
| 24:55 | Create | Villager (Male) |
| 24:55 | Create | Villager (Male) |
| 24:57 | Create | Villager (Male) |
| 25:02 | Age | Castle Age |
| 25:18 | Build | Castle |
| 25:39 | Build | House |
| 25:42 | Build | House |
| 27:07 | Build | Mining Camp |
| 27:09 | Create | Genoese Crossbowman |
| 27:09 | Create | Genoese Crossbowman |
| 27:09 | Create | Genoese Crossbowman |
| 27:09 | Create | Genoese Crossbowman |
| 27:10 | Create | Genoese Crossbowman |
| 27:10 | Create | Genoese Crossbowman |
| 27:10 | Create | Genoese Crossbowman |
| 27:11 | Create | Genoese Crossbowman |
| 27:11 | Create | Genoese Crossbowman |
| 27:11 | Create | Genoese Crossbowman |
| 27:11 | Create | Genoese Crossbowman |
| 27:12 | Create | Genoese Crossbowman |
| 27:12 | Create | Genoese Crossbowman |
| 27:21 | Build | Siege Workshop |
| 27:28 | Create | Villager (Male) |
| 27:28 | Create | Villager (Male) |
| 27:28 | Create | Villager (Male) |
| 27:28 | Create | Villager (Male) |
| 28:04 | Research | Wheelbarrow |
| 28:07 | Create | Villager (Male) |
| 28:07 | Create | Villager (Male) |
| 28:14 | Create | Mangonel |
| 29:45 | Create | Genoese Crossbowman |
| 29:45 | Create | Genoese Crossbowman |
| 30:01 | Build | Stable |
| 30:11 | Create | Villager (Male) |
| 30:12 | Create | Villager (Male) |
| 30:12 | Create | Villager (Male) |
| 30:19 | Build | Lumber Camp |
| 30:54 | Research | Double-Bit Axe |
| 30:56 | Research | Horse Collar |
| 31:50 | Research | Bloodlines |
| 31:51 | Research | Light Cavalry (upgrade) |
| 31:56 | Build | Stable |
| 32:30 | Create | Genoese Crossbowman |
| 32:31 | Create | Genoese Crossbowman |
| 32:31 | Create | Genoese Crossbowman |
| 32:31 | Create | Genoese Crossbowman |
| 33:14 | Research | Hand Cart |
| 33:16 | Research | Town Watch |
| 33:16 | Research | Loom |
| 33:18 | Create | Villager (Male) |
| 33:18 | Create | Villager (Male) |
| 33:18 | Create | Villager (Male) |
| 33:19 | Create | Villager (Male) |
| 33:19 | Create | Villager (Male) |
| 33:20 | Create | Genoese Crossbowman |
| 33:20 | Create | Genoese Crossbowman |
| 33:21 | Create | Genoese Crossbowman |
| 33:24 | Create | Scout Cavalry |
| 33:24 | Create | Scout Cavalry |
| 33:39 | Build | Farm |
| 34:46 | Build | Siege Workshop |
| 34:49 | Create | Villager (Male) |
| 34:49 | Create | Villager (Male) |
| 35:50 | Build | Town Center |
| 35:59 | Research | Padded Archer Armor |
| 36:00 | Research | Fletching |
| 36:41 | Build | Lumber Camp |
Build order — jkjunkmailreader
First 150 of 259 actions detected
| 0:07 | Build | House |
| 0:12 | Build | House |
| 1:01 | Build | Dock |
| 1:34 | Build | Town Center |
| 3:50 | Create | Villager (Male) |
| 3:51 | Create | Villager (Male) |
| 3:51 | Create | Villager (Male) |
| 3:56 | Create | Villager (Male) |
| 3:56 | Research | Loom |
| 3:57 | Create | Villager (Male) |
| 3:57 | Create | Villager (Male) |
| 5:30 | Create | Villager (Male) |
| 6:13 | Create | Villager (Male) |
| 6:23 | Create | Villager (Male) |
| 7:42 | Create | Villager (Male) |
| 8:07 | Create | Villager (Male) |
| 8:11 | Create | Fishing Ship |
| 8:18 | Build | House |
| 8:46 | Create | Villager (Male) |
| 8:57 | Create | Fishing Ship |
| 9:19 | Build | House |
| 9:22 | Build | House |
| 9:29 | Create | Villager (Male) |
| 9:30 | Create | Villager (Male) |
| 10:01 | Create | Villager (Male) |
| 10:08 | Build | Lumber Camp |
| 10:19 | Create | Fishing Ship |
| 11:08 | Create | Villager (Male) |
| 11:19 | Create | Fishing Ship |
| 11:44 | Create | Villager (Male) |
| 11:55 | Create | Fishing Ship |
| 12:31 | Build | Dock |
| 12:49 | Research | Feudal Age |
| 13:14 | Build | Mining Camp |
| 13:20 | Build | House |
| 13:21 | Build | House |
| 13:26 | Create | Fishing Ship |
| 13:26 | Create | Fishing Ship |
| 13:46 | Build | House |
| 13:50 | Build | House |
| 13:52 | Build | House |
| 14:25 | Create | Fishing Ship |
| 14:44 | Build | Dock |
| 14:54 | Create | Villager (Male) |
| 14:55 | Create | Villager (Male) |
| 14:59 | Age | Feudal Age |
| 15:01 | Create | Fire Galley |
| 15:01 | Create | Unit 2626 |
| 15:07 | Research | Tech 906 |
| 15:24 | Build | Palisade Wall |
| 16:05 | Create | Fishing Ship |
| 16:05 | Create | Fishing Ship |
| 16:22 | Create | Unit 2626 |
| 16:23 | Create | Fire Galley |
| 16:32 | Build | Dock |
| 16:38 | Build | House |
| 16:43 | Create | Villager (Male) |
| 16:44 | Create | Villager (Male) |
| 17:22 | Build | Barracks |
| 17:31 | Create | Fire Galley |
| 18:03 | Build | House |
| 18:06 | Build | House |
| 18:11 | Build | Stable |
| 18:14 | Create | Villager (Male) |
| 18:15 | Create | Villager (Male) |
| 18:21 | Build | House |
| 18:36 | Create | Fishing Ship |
| 18:36 | Create | Fishing Ship |
| 18:42 | Create | Fire Galley |
| 18:54 | Create | Fishing Ship |
| 19:28 | Build | Blacksmith |
| 19:39 | Build | House |
| 19:57 | Build | House |
| 20:01 | Create | Villager (Male) |
| 20:05 | Research | Castle Age |
| 21:10 | Build | House |
| 21:16 | Build | House |
| 22:10 | Build | House |
| 22:32 | Build | Mining Camp |
| 22:34 | Research | Stone Mining |
| 22:35 | Research | Gold Mining |
| 22:55 | Build | Stone Wall |
| 23:06 | Age | Castle Age |
| 23:33 | Research | Double-Bit Axe |
| 23:45 | Build | Town Center |
| 23:50 | Research | Stone Shaft Mining |
| 24:21 | Build | Town Center |
| 25:10 | Create | Villager (Male) |
| 25:10 | Create | Villager (Male) |
| 25:11 | Create | Villager (Male) |
| 25:11 | Create | Villager (Male) |
| 25:11 | Create | Villager (Male) |
| 25:47 | Build | Dock |
| 25:57 | Research | Gillnets |
| 25:58 | Create | Fishing Ship |
| 26:06 | Research | War Galley (upgrade) |
| 26:30 | Research | Wheelbarrow |
| 26:38 | Create | Villager (Male) |
| 26:39 | Create | Villager (Male) |
| 26:48 | Create | Villager (Male) |
| 26:48 | Create | Villager (Male) |
| 26:48 | Create | Villager (Male) |
| 26:48 | Create | Villager (Male) |
| 26:49 | Create | Villager (Male) |
| 27:39 | Create | Fishing Ship |
| 27:40 | Create | Fishing Ship |
| 27:43 | Build | House |
| 27:44 | Build | House |
| 27:47 | Build | House |
| 27:56 | Create | Villager (Male) |
| 28:02 | Create | Villager (Male) |
| 28:02 | Create | Villager (Male) |
| 28:03 | Create | Villager (Male) |
| 28:19 | Build | Archery Range |
| 28:20 | Build | Archery Range |
| 28:21 | Build | Archery Range |
| 28:34 | Create | Villager (Male) |
| 28:34 | Create | Villager (Male) |
| 29:00 | Build | Castle |
| 29:09 | Research | Hand Cart |
| 29:10 | Create | Villager (Male) |
| 29:19 | Research | Bow Saw |
| 29:50 | Build | House |
| 29:56 | Research | Elite Skirmisher (upgrade) |
| 29:56 | Create | Skirmisher |
| 29:56 | Create | Skirmisher |
| 29:57 | Create | Skirmisher |
| 29:57 | Create | Skirmisher |
| 30:31 | Create | Fishing Ship |
| 30:49 | Build | House |
| 30:59 | Create | Villager (Male) |
| 31:00 | Create | Villager (Male) |
| 31:00 | Create | Villager (Male) |
| 31:00 | Create | Villager (Male) |
| 31:01 | Create | Villager (Male) |
| 31:13 | Build | Town Center |
| 31:22 | Build | House |
| 31:27 | Create | Villager (Male) |
| 31:28 | Create | Villager (Male) |
| 31:34 | Create | Skirmisher |
| 31:35 | Create | Skirmisher |
| 31:35 | Create | Skirmisher |
| 31:35 | Create | Skirmisher |
| 31:55 | Create | Fishing Ship |
| 31:55 | Create | Fishing Ship |
| 32:00 | Create | Fishing Ship |
| 32:00 | Create | Fishing Ship |
| 32:01 | Create | Fishing Ship |
| 32:28 | Build | Dock |
| 32:40 | Create | Villager (Male) |
Build order — Esteban VII
First 150 of 207 actions detected
| 1:30 | Build | Town Center |
| 2:34 | Build | House |
| 3:36 | Build | Dock |
| 3:50 | Build | House |
| 4:13 | Create | Villager (Male) |
| 4:13 | Create | Villager (Male) |
| 4:13 | Create | Villager (Male) |
| 4:14 | Create | Villager (Male) |
| 4:14 | Create | Villager (Male) |
| 5:44 | Create | Villager (Male) |
| 5:44 | Create | Villager (Male) |
| 6:02 | Create | Villager (Male) |
| 6:25 | Create | Villager (Male) |
| 6:25 | Create | Villager (Male) |
| 6:42 | Create | Villager (Male) |
| 6:42 | Create | Villager (Male) |
| 7:21 | Create | Villager (Male) |
| 8:00 | Create | Villager (Male) |
| 8:00 | Create | Villager (Male) |
| 8:01 | Research | Loom |
| 8:14 | Build | House |
| 8:16 | Build | House |
| 8:57 | Create | Villager (Male) |
| 9:17 | Create | Villager (Male) |
| 9:28 | Build | Mill |
| 9:51 | Create | Villager (Male) |
| 10:04 | Create | Villager (Male) |
| 10:36 | Create | Villager (Male) |
| 10:47 | Build | House |
| 10:49 | Build | House |
| 11:06 | Create | Villager (Male) |
| 11:12 | Create | Fishing Ship |
| 11:33 | Build | Mill |
| 11:57 | Create | Villager (Male) |
| 12:20 | Build | Mining Camp |
| 12:24 | Create | Villager (Male) |
| 12:36 | Create | Villager (Male) |
| 13:02 | Research | Feudal Age |
| 13:25 | Build | Farm |
| 13:35 | Build | Lumber Camp |
| 13:56 | Create | Fishing Ship |
| 15:05 | Build | Barracks |
| 15:08 | Create | Villager (Male) |
| 15:24 | Age | Feudal Age |
| 15:25 | Create | Demolition Raft |
| 15:38 | Research | Double-Bit Axe |
| 16:05 | Build | House |
| 16:11 | Build | House |
| 16:19 | Build | Palisade Wall |
| 16:25 | Create | Villager (Male) |
| 16:30 | Create | Villager (Male) |
| 16:35 | Create | Militia |
| 16:45 | Create | Demolition Raft |
| 16:50 | Create | Fishing Ship |
| 16:54 | Create | Villager (Male) |
| 17:15 | Create | Villager (Male) |
| 17:20 | Build | Farm |
| 17:44 | Create | Villager (Male) |
| 17:51 | Build | House |
| 17:53 | Build | House |
| 18:00 | Build | Blacksmith |
| 18:03 | Create | Villager (Male) |
| 18:17 | Build | Farm |
| 18:19 | Create | Villager (Male) |
| 18:36 | Build | Stable |
| 18:52 | Create | Villager (Male) |
| 18:59 | Build | House |
| 19:02 | Build | House |
| 19:23 | Build | Farm |
| 19:38 | Create | Militia |
| 19:47 | Build | House |
| 19:58 | Build | House |
| 20:04 | Create | Villager (Male) |
| 20:21 | Build | House |
| 20:26 | Create | Villager (Male) |
| 20:34 | Build | Farm |
| 20:37 | Create | Villager (Male) |
| 20:44 | Build | House |
| 20:52 | Build | House |
| 20:59 | Build | Farm |
| 21:13 | Build | House |
| 21:18 | Build | Farm |
| 21:29 | Build | Farm |
| 21:40 | Build | Market |
| 21:48 | Create | Villager (Male) |
| 22:22 | Build | Farm |
| 22:28 | Create | Villager (Male) |
| 22:49 | Create | Villager (Male) |
| 22:56 | Build | Farm |
| 23:29 | Build | Palisade Wall |
| 23:38 | Research | Castle Age |
| 23:38 | Research | Castle Age |
| 24:03 | Create | Spearman |
| 24:18 | Research | Horse Collar |
| 24:52 | Build | Farm |
| 24:59 | Research | Stone Mining |
| 25:14 | Research | Gold Mining |
| 25:58 | Research | Bloodlines |
| 25:58 | Research | Bloodlines |
| 26:18 | Age | Castle Age |
| 26:25 | Build | Castle |
| 26:28 | Research | Fletching |
| 26:30 | Create | Villager (Male) |
| 27:09 | Create | Villager (Male) |
| 27:10 | Create | Villager (Male) |
| 27:25 | Build | Farm |
| 27:35 | Research | Husbandry |
| 27:35 | Research | Husbandry |
| 27:59 | Create | Villager (Male) |
| 28:09 | Build | Town Center |
| 28:12 | Create | Villager (Male) |
| 28:51 | Build | University |
| 29:04 | Create | Villager (Male) |
| 29:25 | Create | Villager (Male) |
| 29:36 | Build | Farm |
| 29:39 | Build | Farm |
| 29:47 | Build | Farm |
| 30:00 | Build | Farm |
| 30:06 | Build | Mill |
| 30:30 | Research | Stirrups |
| 30:32 | Create | Villager (Male) |
| 30:38 | Build | Farm |
| 30:40 | Build | Farm |
| 31:00 | Create | Villager (Male) |
| 31:07 | Build | Stable |
| 31:14 | Build | Farm |
| 31:22 | Create | Konnik |
| 31:27 | Research | Scale Barding Armor |
| 31:27 | Research | Forging |
| 31:32 | Create | Villager (Male) |
| 32:24 | Build | Farm |
| 32:27 | Build | Farm |
| 32:31 | Research | Wheelbarrow |
| 32:33 | Create | Villager (Male) |
| 32:33 | Create | Villager (Male) |
| 32:36 | Create | Villager (Male) |
| 32:57 | Build | Farm |
| 33:01 | Create | Villager (Male) |
| 33:17 | Create | Villager (Male) |
| 33:31 | Build | Farm |
| 33:39 | Create | Villager (Male) |
| 33:47 | Build | Town Center |
| 33:54 | Create | Konnik |
| 34:02 | Create | Villager (Male) |
| 34:15 | Create | Villager (Male) |
| 34:30 | Build | Farm |
| 34:41 | Create | Villager (Male) |
| 34:47 | Research | Ballistics |
| 34:54 | Create | Villager (Male) |
| 34:55 | Create | Villager (Male) |
Match timeline
| 1:01 | jkjunkmailreader · first_building Dock |
| 2:11 | [M] Nico · first_building Dock |
| 3:36 | Esteban VII · first_building Dock |
| 11:06 | Player.R · wall_segment Palisade Wall x1 |
| 11:08 | Player.R · wall_segment Palisade Wall x1 |
| 11:09 | Player.R · wall_segment Palisade Wall x1 |
| 11:10 | Player.R · wall_segment Palisade Wall x1 |
| 11:11 | Player.R · wall_segment Palisade Wall x1 |
| 12:16 | Player.R · wall_segment Palisade Wall x8 |
| 14:32 | [M] Nico · age_up feudal |
| 14:59 | jkjunkmailreader · age_up feudal |
| 15:05 | Esteban VII · first_building Barracks |
| 15:14 | Player.R · age_up feudal |
| 15:24 | jkjunkmailreader · wall_segment Palisade Wall x5 |
| 15:24 | Esteban VII · age_up feudal |
| 16:19 | Esteban VII · wall_segment Palisade Wall x6 |
| 16:53 | Player.R · first_building Barracks |
| 17:22 | jkjunkmailreader · first_building Barracks |
| 18:11 | jkjunkmailreader · first_building Stable |
| 18:36 | Esteban VII · first_building Stable |
| 20:43 | [M] Nico · resign |
| 22:55 | jkjunkmailreader · wall_segment Stone Wall x13 |
| 23:06 | jkjunkmailreader · age_up castle |
| 23:29 | Esteban VII · wall_segment Palisade Wall x15 |
| 25:02 | Player.R · age_up castle |
| 25:05 | Player.R · first_market_buy 100 stone |
| 25:18 | Player.R · first_building Castle |
| 26:18 | Esteban VII · age_up castle |
| 26:25 | Esteban VII · first_building Castle |
| 27:21 | Player.R · first_building Siege Workshop |
| 28:19 | jkjunkmailreader · first_building Archery Range |
| 29:00 | jkjunkmailreader · first_building Castle |
| 30:01 | Player.R · first_building Stable |
| 38:30 | jkjunkmailreader · first_building Siege Workshop |
| 39:10 | Esteban VII · age_up imperial |
| 39:18 | jkjunkmailreader · age_up imperial |
| 39:40 | Esteban VII · first_market_sell 100 wood |
| 42:30 | jkjunkmailreader · first_building Monastery |
| 43:10 | Player.R · age_up imperial |
[ AI ANALYSIS · 1 CREDIT ]
What really happened in this match?
Wolo.gg analyzes every decision: build order, eco, micro, common mistakes by bracket. Personalized analysis on WhatsApp or Discord in 30 seconds.
Civ guide
Slavs
Map guide
Nomad
Perfil
[M] Nico